 Dungeon Crawl Stone Soup version 0.31-a0-175-g9f7f995f2b (webtiles) character file.

Game seed: 7715151463130937016

24434 rabbitsville the Fighter (level 13, 0/113 HPs)
             Began as a Formicid Hunter on June 17, 2023.
             Was a Priest of Qazlal.
             Slain by a red ugly thing (7 damage)
             ... on level 11 of the Dungeon.
             The game lasted 01:11:06 (16409 turns).

rabbitsville the Fighter (Formicid Hunter)         Turns: 16409, Time: 01:11:07

Health: 0/113      AC: 11    Str: 21    XL:     13   Next: 42%
Magic:  9/12       EV: 10    Int: 11    God:    Qazlal [***...]
Gold:   609        SH:  9    Dex: 21    Spells: 12/12 levels left

rFire   . . .        a - +0 orcbow
rCold   + + +        (no shield)
rNeg    . . .        E - +3 chain mail
rPois   .            (helmet unavailable)
rElec   .            (no cloak)
rCorr   .            (no gloves)
SInv    +            X - +0 pair of boots
Will    +....        f - amulet of reflection Stlth
                     m - ring of Hotonu {rC++ MP-9 AC+4 Slay+3}
HPRegen 0.38/turn    T - +6 ring of strength
MPRegen 0.13/turn

%: reflection
@: corroded
A: permanent stasis, dig shafts and tunnels, antennae 3, four strong arms, cold
resistance 2
a: Dig, Shaft Self, Renounce Religion, Upheaval, Elemental Force


You were on level 11 of the Dungeon.
You worshipped Qazlal.
Qazlal was most pleased with you.
You visited 4 branches of the dungeon, and saw 14 of its levels.
You also visited: Sewer and Ossuary.

You collected 681 gold pieces.
You spent 72 gold pieces at shops.

Inventory:

Hand Weapons
 a - a +0 orcbow (weapon)
 t - the +1 long sword "Kuiliky" {heavy, MP+9}
   (You found it on level 3 of the Dungeon)

   MP:        It affects your magic capacity (+9).
Missiles
 w - 2 throwing nets
Armour
 c - a +0 leather armour
 E - a +3 chain mail (worn)
 X - a +0 pair of boots (worn)
Jewellery
 f - an amulet of reflection (around neck)
 m - the ring of Hotonu (left hand) {rC++ MP-9 AC+4 Slay+3}
   (You found it on level 6 of the Dungeon)

   [ring of protection]

   AC:        It affects your AC (+4).
   Slay:      It affects your accuracy & damage with ranged weapons and melee
   (+3).
   rC:        It greatly protects you from cold.
   MP:        It affects your magic capacity (-9).
 n - a ring of protection from cold
 q - a ring of ice
 z - a ring of protection from fire
 T - a +6 ring of strength (right hand)
 U - a ring of magical power
 V - a +5 ring of evasion
 W - an amulet of guardian spirit
Wands
 y - a wand of iceblast (7)
 N - a wand of flame (3)
 O - a wand of acid (7)
 P - a wand of paralysis (9)
Scrolls
 b - a scroll of butterflies
 e - 7 scrolls of enchant armour
 g - 2 scrolls of vulnerability {unknown}
 h - 3 scrolls of fog {unknown}
 i - 9 scrolls of identify
 j - 4 scrolls of amnesia {unknown}
 l - 2 scrolls of poison {unknown}
 o - 2 scrolls of noise {unknown}
 r - 2 scrolls of torment {unknown}
 s - a scroll of silence {unknown}
 B - 2 scrolls of enchant weapon {unknown}
 D - 2 scrolls of brand weapon {unknown}
 F - 2 scrolls of immolation {unknown}
 G - a scroll of blinking {unknown}
 I - 3 scrolls of revelation {unknown}
 K - a scroll of acquirement {unknown}
 R - 3 scrolls of fear {unknown}
Potions
 d - a potion of curing
 k - a potion of magic
 p - a potion of berserk rage {unknown}
 u - 2 potions of mutation
 x - 2 potions of haste
 A - 4 potions of brilliance
 C - 2 potions of invisibility {unknown}
 H - a potion of resistance
 J - 2 potions of might {unknown}
 L - 2 potions of heal wounds
 M - 3 potions of cancellation {unknown}
 Q - a potion of attraction {unknown}
 S - 4 potions of enlightenment {unknown}
Miscellaneous
 v - a sack of spiders


   Skills:
 + Level 14.0 Fighting
 + Level 13.2 Ranged Weapons
 + Level 8.5 Armour
 - Level 3.5 Dodging
 - Level 1.2 Stealth
 - Level 11.1 Invocations


You had 12 spell levels left.
You didn't know any spells.
Your spell library contained the following spells:

 Spells                   Type           Power      Damage    Failure   Level
 Beastly Appendage        Tmut           0%         N/A       89%         1
 Magic Dart               Conj           0%         1d3       89%         1
 Lesser Beckoning         Tloc           0%         N/A       96%         2
 Momentum Strike          Conj/Tloc      0%         3d8       96%         2
 Scorch                   Fire           0%         2d5       96%         2
 Searing Ray              Conj           0%         2d4       96%         2
 Wereblood                Tmut           0%         N/A       96%         2
 Spider Form              Tmut/Pois      0%         N/A       99%         3
 Flame Wave               Conj/Fire      0%         2d4       100%        4
 Fulminant Prism          Conj/Hex       0%         3d5       100%        4
 Summon Cactus Giant      Summ           0%         N/A       100%        6
 Blink                    Tloc           Unusable   N/A       N/A         2

Dungeon Overview and Level Annotations

Branches:
Dungeon (11/15)            Temple (1/1) D:6            Lair (1/5) D:10
    Orc (1/2) D:9           Sewer (visited)         Ossuary (visited)

Altars:
Ashenzari
Cheibriados
Dithmenos
Elyvilon
Fedhas
Gozag
Hepliaklqana
Kikubaaqudgha
Makhleb
Nemelex Xobeh
Okawaru
Qazlal
Ru
Sif Muna
Trog
Uskayaw
Vehumet
Wu Jian
Xom
Yredelemnul
Zin
The Shining One

Shops:
D:3 !!*   D:7 [

Annotations:
D:6 2 transporters, frimble's ghost, novice OpWr
D:7 exclusions: sensed monster (detected) and 2 more exclusions
D:11 1 runed translucent door


Innate Abilities, Weirdness & Mutations

You cannot be hasted, slowed, berserked, paralysed or teleported.
You can dig through walls and to a lower floor.
You have a pair of large antennae on your head. (SInv)
Your four strong arms can wield two-handed weapons with a shield.
Your flesh is very cold resistant. (rC++)


Message History

You shoot an arrow. The arrow hits the acid dragon.
The acid dragon is lightly wounded.
The acid dragon spits acid at you. The splash of acid hits you!!
You shoot an arrow.
The arrow barely misses the acid dragon.
You block the acid dragon's attack. The acid dragon barely misses you.
You shoot an arrow. The arrow hits the acid dragon.
The acid dragon is moderately wounded.
You block the acid dragon's attack.
The acid dragon claws you but does no damage.
A red ugly thing comes into view.
The acid dragon attacks as you move away!
The acid dragon barely misses you. You block the acid dragon's attack.
You hear a horrible gurgling sound!
The acid dragon spits acid at you.
The splash of acid hits you but does no damage.
The acid corrodes you!
The red ugly thing gurgles horribly!
The acid dragon spits acid at you.
You block splash of acid... and reflect it back!
The splash of acid hits the acid dragon!
The acid dragon spits acid at you. The splash of acid hits you!!
The acid corrodes you! The acid dragon spits acid at you.
The splash of acid hits you!!
* * * LOW HITPOINT WARNING * * *
The acid corrodes you!
The red ugly thing attacks as you move away!
You block the red ugly thing's attack.
There is an open door, spattered with blood here.
The red ugly thing claws you!
* * * LOW HITPOINT WARNING * * *
You are engulfed in flames!
* * * LOW HITPOINT WARNING * * *
Aiming: Upheaval
Press: ? - help, Dir - move target, p - acid dragon A blizzard blasts the area with ice!
The red ugly thing claws you!
You die...

.### ...# ...# #########
...###############.......#
.........................#
.....................#####
##...................#
.#....#####.....<....#
.#....#...#.....@....#
.#....#...#....○u☼...#
.#....#...#####......#
.######.......#D.....#
..............'......#
..............#......#
..............#......#
..............#........
.........######........


You could see a red ugly thing and an acid dragon.

Vanquished Creatures
  Josephine (D:10)
  A boulder beetle (D:11)
  4 two-headed ogres
  4 death yaks (Lair:1)
  Sonja (D:10)
  A manticore (D:10)
  A black mamba (Lair:1)
  Joseph (D:10)
  4 cane toads (Lair:1)
  4 komodo dragons
  A tengu conjurer (D:8)
  4 polar bears (Lair:1)
  5 hornets
  Sigmund (D:2)
  4 dream sheep (Lair:1)
  2 shadows
  8 wraiths
  4 wyverns
  A basilisk (Lair:1)
  A fire elemental (Lair:1)
  2 steam dragons (D:9)
  15 yaks
  Menkaure (D:7)
  2 vampire mosquitoes (D:10)
  13 water moccasins
  2 acid dragons (D:8)
  2 sky beasts (D:8)
  3 ice beasts (D:8)
  An orc warrior (D:8)
  7 black bears
  3 centaurs
  A phantom (D:4)
  A gnoll sergeant (D:8)
  A kobold brigand (D:8)
  6 bullfrogs
  12 scorpions
  5 wights
  2 oklob saplings (D:10)
  8 killer bees
  9 electric eels
  A howler monkey (D:7)
  A lava snake (Lair:1)
  3 centaur zombies (Ossuary)
  4 hounds
  4 orc priests
  2 gnoll boudas
  4 human zombies (Ossuary)
  Jessica (D:2)
  2 iguanas
  2 scorpion zombies (Ossuary)
  4 sleepcaps
  Ijyb (D:4)
  11 orc wizards
  3 mummies (Ossuary)
  13 adders
  17 gnolls
  A river rat (Sewer)
  2 shadow imps
  A white imp (D:6)
  3 ufetubi
  2 worms
  A dart slug (D:2)
  20 orcs
  15 ball pythons
  8 endoplasms
  4 giant cockroaches
  3 gnoll zombies (Ossuary)
  3 hobgoblins
  4 jackals (D:1)
  14 kobolds
  6 quokkas
  7 bats
  7 frilled lizards
  8 goblins
  2 hobgoblin zombies (Ossuary)
  4 kobold zombies (Ossuary)
  An orc zombie (Ossuary)
  4 rats
342 creatures vanquished.

Vanquished Creatures (others)
  A kobold brigand (D:8)
1 creature vanquished.

Grand Total: 343 creatures vanquished

Notes
Turn   | Place    | Note
-------+----------+-------------------------------------------
     0 | D:1      | rabbitsville the Formicid Hunter began the quest for the
                  | Orb.
     0 | D:1      | Reached XP level 1. HP: 16/16 MP: 1/1
   111 | D:1      | Reached XP level 2. HP: 23/23 MP: 2/2
   259 | D:1      | Found a faded altar of an unknown god.
   330 | D:1      | Reached XP level 3. HP: 28/28 MP: 3/3
   930 | D:2      | Noticed Sigmund
  1017 | D:2      | Reached skill level 3 in Fighting
  1103 | D:2      | Noticed Jessica
  1111 | D:2      | Killed Jessica
  1112 | D:2      | Reached XP level 4. HP: 35/35 MP: 4/4
  1507 | D:2      | Killed Sigmund
  1508 | D:2      | Reached skill level 4 in Fighting
  1508 | D:2      | Reached skill level 5 in Ranged Weapons
  1508 | D:2      | Reached XP level 5. HP: 27/43 MP: 5/5
  1508 | D:2      | Reached XP level 6. HP: 30/49 MP: 6/6
  1735 | D:3      | Identified the +1 long sword "Kuiliky" {heavy, MP+9}
  1818 | D:3      | Found a glowing silver altar of Zin.
  1855 | D:3      | Found Xefuy's Distillery.
  1864 | D:3      | Bought a potion of lignification for 36 gold pieces
  1864 | D:3      | Bought a potion of curing for 36 gold pieces
  2024 | D:3      | Found Ylegiefo's Distillery.
  2105 | D:3      | Found Usagojim's Assorted Antiques.
  2440 | D:4      | Found a shadowy altar of Dithmenos.
  2467 | D:4      | Reached skill level 1 in Armour
  2467 | D:4      | Reached XP level 7. HP: 33/55 MP: 7/7
  2585 | D:4      | Noticed Ijyb
  2609 | D:4      | Killed Ijyb
  2610 | D:4      | Reached skill level 5 in Fighting
  2670 | D:4      | Found an iron altar of Okawaru.
  2784 | D:4      | Found a glowing drain.
  2787 | Sewer    | Entered a sewer
  3608 | D:5      | Entered Level 5 of the Dungeon
  3874 | D:5      | Identified the +6 whip of Evolution {flame, Int+4}
  3962 | D:5      | Reached XP level 8. HP: 38/64 MP: 8/8
  4156 | D:5      | Found a glowing golden altar of the Shining One.
  4255 | D:5      | Found a hazy altar of Hepliaklqana.
  4709 | D:6      | Reached skill level 6 in Fighting
  4741 | D:6      | Found a sand-covered staircase.
  4746 | Ossuary  | Entered an ossuary
  5220 | Ossuary  | Reached skill level 5 in Armour
  5399 | Ossuary  | Reached skill level 7 in Fighting
  5399 | Ossuary  | Reached XP level 9. HP: 70/72 MP: 9/9
  5622 | D:6      | Found a transporter.
  5623 | D:6      | Noticed frimble's ghost (novice OpWr)
  5625 | D:6      | Found a transporter.
  5669 | D:6      | Found a staircase to the Ecumenical Temple.
  5675 | Temple   | Entered the Ecumenical Temple
  5681 | Temple   | Became a worshipper of Qazlal Stormbringer
  5711 | D:6      | Identified the ring of Hotonu {rC++ MP-9 AC+4 Slay+3}
  5783 | D:6      | Reached skill level 1 in Invocations
  6196 | D:5      | Reached skill level 8 in Fighting
  7035 | D:7      | Found Xeyl's Antique Armour Shoppe.
  7062 | D:7      | Noticed Menkaure
  7067 | D:7      | Killed Menkaure
  7506 | D:7      | Found a shimmering altar of Xom.
  7506 | D:7      | Found a bloodstained altar of Trog.
  7506 | D:7      | Found a snail-covered altar of Cheibriados.
  7554 | D:7      | Found a white marble altar of Elyvilon.
  7558 | D:7      | Found a radiant altar of Vehumet.
  7663 | D:7      | Reached * piety under Qazlal
  7831 | D:7      | Reached XP level 10. HP: 82/82 MP: 4/13
  8254 | D:8      | Reached skill level 5 in Invocations
  8356 | D:8      | Reached skill level 9 in Fighting
  8600 | D:8      | Noticed a two-headed ogre
  8608 | D:8      | Killed a two-headed ogre
  8847 | D:8      | Reached skill level 10 in Fighting
  9135 | D:8      | Noticed a two-headed ogre
  9144 | D:8      | Killed a two-headed ogre
  9145 | D:8      | Reached skill level 10 in Ranged Weapons
  9145 | D:8      | Reached XP level 11. HP: 87/92 MP: 7/16
  9209 | D:8      | Noticed a two-headed ogre
  9217 | D:8      | Killed a two-headed ogre
  9324 | D:8      | Reached skill level 11 in Fighting
  9634 | D:9      | Reached ** piety under Qazlal
 10458 | D:9      | Found a staircase to the Orcish Mines.
 11800 | D:10     | Entered Level 10 of the Dungeon
 11853 | D:10     | Noticed a manticore
 11882 | Orc:1    | Entered Level 1 of the Orcish Mines
 11883 | Orc:1    | Noticed a necromancer
 11884 | Orc:1    | Noticed a necromancer
 12108 | D:10     | Killed a manticore
 12306 | D:10     | Noticed a two-headed ogre
 12312 | D:10     | Killed a two-headed ogre
 12341 | D:10     | Noticed Joseph
 12344 | D:10     | Killed Joseph
 12400 | D:10     | Reached skill level 10 in Invocations
 12400 | D:10     | Reached XP level 12. HP: 86/102 MP: 10/19
 12649 | D:10     | Noticed Sonja
 12658 | D:10     | Killed Sonja
 12659 | D:10     | Reached skill level 12 in Fighting
 12687 | D:9      | Gained mutation: Your flesh is cold resistant. (rC+)
                  | [potion of mutation]
 12687 | D:9      | Gained mutation: Your flesh is very cold resistant. (rC++)
                  | [potion of mutation]
 13108 | D:10     | Found a staircase to the Lair.
 13133 | D:10     | Noticed Josephine
 13156 | D:10     | Killed Josephine
 13554 | D:10     | Found an opulent altar of Gozag.
 14266 | Lair:1   | Entered Level 1 of the Lair of Beasts
 14366 | Lair:1   | Reached *** piety under Qazlal
 14542 | Lair:1   | Reached skill level 13 in Fighting
 15082 | Lair:1   | Reached XP level 13. HP: 111/111 MP: 12/21
 16014 | D:11     | Reached skill level 14 in Fighting
 16207 | D:11     | Found a runed translucent door.
 16409 | D:11     | Slain by a red ugly thing

Illustrated notes

Levels and vault maps discovered:
D:1:      onia_arrival_mini_maze, layout_basic,
          hellmonk_ecumenical_altar_lost_god
D:2:      layout_basic, minmay_small_reverse_x, uniq_jessica, uniq_sigmund
D:3:      layout_basic, lemuel_tele_altar, serial_shops, shop, shop, shop,
          minmay_misc_feat_four_crosses
D:4:      layout_basic, nicolae_dithmenos_shadow_blocks,
          okawaru_metal_pillars_1_2, gup_sewer_entry_bowl, minmay_small_thing,
          uniq_ijyb
D:5:      layout_loops_corners, overflow_temple_1_default,
          mainiacjoe_overflow_chevrons
D:6:      kennysheep_big_flooded_room, layout_basic, temple_green,
          gammafunk_ghost_smash, enter_ossuary_2
D:7:      layout_basic, minmay_overflow_temple_star_hex, serial_shops,
          nicolae_shop_gibbet_a_chance, uniq_menkaure
D:8:      cheibrodos_ideogram_h, layout_layer_cave, serial_park_tiny_1
D:9:      layout_roguey, orc_0_dummy, serial_bayou, serial_bayou_shore_a,
          serial_bayou_pond_a, serial_bayou_shore_b, serial_bayou_lagoon_b
D:10:     layout_cave_pools, nicolae_gozag_cash_rules_everything_around_me,
          due_lair_maze_entry_diamond, introduction_to_nature_2, uniq_josephine,
          uniq_joseph, uniq_sonja
D:11:     cheibrodos_histonic, layout_irregular_city, nzn_hepliaklqana_mist_gate
Temple:   minmay_freezing_vapour_temple
Lair:1:   beast_lair_carwin_large_1, layout_gridlike,
          chequers_serial_rivers_small_3, chequers_serial_rivers_micro_a,
          st_stairs_11
Orc:1:    dreamdust_under_siege, layout_caves, serial_shops, shop_fountains,
          shop, shop, nicolae_volcano_entry_vermiform, uniq_maurice

Skill      XL: |  1  2  3  4  5  6  7  8  9 10 11 12 13 |
---------------+----------------------------------------+-----
Dodging        | 2 3 |  3.5
Fighting       | 3 4 5 7 8 10 11 13 14 | 14.0
Ranged Weapons | 5 6 7 8 10 11 12 13 | 13.2
Armour         | 1 3 5 6 8 |  8.5
Invocations    | 4 7 10 11 | 11.1
Stealth        | |  1.2

Action                     |  1- 3 |  4- 6 |  7- 9 | 10-12 | 13-15 || total
---------------------------+-------+-------+-------+-------+-------++-------
   Fire: Shortbow          |    70 |    99 |   531 |       |       ||   700
         Orcbow            |       |       |   100 |   669 |   160 ||   929
 Invoke: Upheaval          |       |       |       |     5 |     2 ||     7
Ability: Dig               |     1 |       |     2 |     3 |     1 ||     7
  Evoke: Wand              |       |       |       |     5 |       ||     5
    Use: Potion            |       |       |     3 |     9 |     1 ||    13
         Scroll            |       |       |     4 |       |       ||     4
 Armour: Leather armour    |     6 |     8 |     7 |       |       ||    21
         Chain mail        |       |       |   262 |   251 |    32 ||   545
         Skin              |       |       |     1 |     7 |       ||     8
  Dodge: Dodged            |    15 |    38 |   206 |   188 |    17 ||   464
  Block: Other             |     1 |     9 |   116 |   205 |    30 ||   361
         Reflection        |       |     1 |       |     7 |     5 ||    13

Table legend: (Time is in decaauts)
 A = Elapsed time spent in this place.
 B = Non-inter-level travel time spent in this place.
 C = Inter-level travel time spent in this place.
 D = Time resting spent in this place.
 E = Time spent auto-exploring this place.
 F = Levels seen in this place.
 G = Mean time per level.
                   A        B        C        D        E       F      G
               +--------+--------+--------+--------+--------+-----+--------+
         Total |  17075 |  16484 |    591 |   1765 |  10081 |  16 | 1067.2 |
       Dungeon |  13894 |  13348 |    546 |   1686 |   8353 |  11 | 1263.1 |
        Temple |     15 |     15 |      0 |      0 |      0 |   1 |   15.0 |
          Lair |   1751 |   1706 |     45 |      0 |   1180 |   1 | 1751.0 |
  Orcish Mines |      3 |      3 |      0 |      0 |      0 |   1 |    3.0 |
         Sewer |    431 |    431 |      0 |      0 |    305 |   1 |  431.0 |
       Ossuary |    978 |    978 |      0 |     79 |    242 |   1 |  978.0 |
               +--------+--------+--------+--------+--------+-----+--------+

Top non-repeatable levels by time:
     D:8: 2419 daAuts
    D:10: 2123 daAuts
     D:9: 1973 daAuts
  Lair:1: 1751 daAuts
     D:5: 1399 daAuts
     D:7: 1170 daAuts
     D:6: 1077 daAuts
 Ossuary: 978 daAuts
     D:3: 852 daAuts
     D:4: 843 daAuts
     D:2: 841 daAuts
     D:1: 772 daAuts
   Sewer: 431 daAuts
    D:11: 421 daAuts
  Temple: 15 daAuts
